 Dungeon Crawl Stone Soup version 0.25-a0-185-g6cfeca75b2 (webtiles) character file.

Game seed: 2594517980170157992, levelgen mode: deterministic

1770963 trivialoptimal the Conqueror (level 27, 294/298 HPs)
             Began as a Deep Dwarf Fire Elementalist on Nov 28, 2019.
             Was the Champion of Makhleb.
             Escaped with the Orb
             ... and 3 runes!
             The game lasted 03:00:06 (63957 turns).

trivialoptimal the Conqueror (DDFE)                Turns: 63957, Time: 03:00:07

Health: 294/298    AC: 40    Str: 32    XL:     27
Magic:  2/2 (16)   EV: 22    Int: 20    God:    Makhleb [******]
Gold:   4258       SH: 18    Dex: 18    Spells: 22/32 levels left

rFire    + + +     SeeInvis .   a - +9 broad axe of Distant Worlds {antimagic, MP-9 Str+3 Dex+7}
rCold    + . .     Gourm    .   d - +2 shield {rF+}
rNeg     + . .     Faith    +   z - +1 gold dragon scales
rPois    +         Spirit   .   o - +0 helmet of Narcissism {*Contam rElec Regen+} (curse)
rElec    +         Reflect  .   H - +2 cloak {MR+}
rCorr    .         Harm     .   E - +0 pair of gloves "Eped" {Str+6 Dex-3}
MR       +++++                  K - +2 pair of boots
Stlth    ..........             X - amulet of faith
HPRegen  0.00/turn              y - ring of the Octopus King {rF+ AC+1 EV+1 Str+1 Int+1 Dex+1}
MPRegen  0.08/turn              l - +4 ring of evasion

@: non-regenerating
A: damage resistance, heal wounds, slimy green scales 1, low mp 1, negative
energy resistance 1, sense surroundings 3, wild magic 1, no potion heal 1, no
regeneration
0: Orb of Zot
}: 3/15 runes: decaying, serpentine, abyssal
a: Heal Wounds, Minor Destruction, Lesser Servant of Makhleb, Major Destruction,
Greater Servant of Makhleb, Renounce Religion


You escaped.
You worshipped Makhleb.
Makhleb was exalted by your worship.
You were not hungry.

You visited 10 branches of the dungeon, and saw 49 of its levels.
You visited the Abyss 3 times.
You also visited: Trove, Ossuary, Ice Cave and Volcano.

You collected 7723 gold pieces.
You spent 3465 gold pieces at shops.

Inventory:

Hand Weapons
 a - the +9 broad axe of Distant Worlds (weapon) {antimagic, MP-9 Str+3 Dex+7}
   (You took it off a spriggan berserker on level 4 of the Swamp)

   It reduces the magical energy of the wielder, and disrupts the spells and
   magical abilities of those hit.
   Natural abilities and divine invocations are not affected.
   It affects your strength (+3).
   It affects your dexterity (+7).
   It affects your magic capacity (-9).
Missiles
 n - 4 throwing nets (quivered)
 G - 17 curare-tipped darts
Armour
 d - a +2 shield of fire resistance (worn)
   (You took it off a tengu warrior on level 2 of the Depths)
 o - the cursed +0 helmet of Narcissism (worn) {*Contam rElec Regen+}
   (You found it on level 2 of the Realm of Zot)

   It insulates you from electricity.
   It causes magical contamination when unequipped.
   It increases your rate of regeneration.
   It has a curse placed upon it.
 z - +1 gold dragon scales (worn)
   (You found it on level 5 of the Depths)
 A - a +1 shield of protection
   (You acquired it on level 4 of the Snake Pit)
 B - a +2 helmet of see invisible
   (You bought it in a shop on level 7 of the Dungeon)
 E - the +0 pair of gloves "Eped" (worn) {Str+6 Dex-3}
   (You found it on level 6 of the Dungeon)

   It affects your strength (+6).
   It affects your dexterity (-3).
 H - a +2 cloak of magic resistance (worn)
   (You took it off a draconian monk on level 2 of the Abyss)
 K - a +2 pair of boots (worn)
   (You found it on level 3 of the Elven Halls)
Jewellery
 l - a +4 ring of evasion (right hand)
   (You found it on level 4 of the Depths)
 s - the ring of Mioq Qao {*Corrode rElec rC+ MR+ Str+3}
   (You found it in a treasure trove)

   [ring of protection from magic]

   It affects your strength (+3).
   It protects you from cold.
   It insulates you from electricity.
   It affects your resistance to hostile enchantments.
   It may corrode you when you take damage.
 y - a ring of the Octopus King (left hand) {rF+ AC+1 EV+1 Str+1 Int+1 Dex+1}
   (You found it in a treasure trove)

   [ring of protection from fire]

   It affects your AC (+1).
   It affects your evasion (+1).
   It affects your strength (+1).
   It affects your intelligence (+1).
   It affects your dexterity (+1).
   It protects you from fire.
 Q - an uncursed ring of protection from fire
   (You found it on level 1 of the Lair of Beasts)
 X - an amulet of faith (around neck)
   (You found it on level 12 of the Dungeon)
Wands
 e - a wand of digging (17)
   (You found it on level 3 of the Snake Pit)
 q - a wand of enslavement (20)
   (You found it on level 2 of the Swamp)
 O - a wand of iceblast (57)
   (You found it on level 1 of the Lair of Beasts)
 R - a wand of paralysis (33)
   (You found it on level 4 of the Lair of Beasts)
 T - a wand of scattershot (16)
   (You took it off Maurice on level 9 of the Dungeon)
 W - a wand of acid (17)
   (You found it on level 2 of the Lair of Beasts)
Scrolls
 g - 6 scrolls of vulnerability
 k - a scroll of holy word
 r - 8 scrolls of immolation
 u - 2 scrolls of fear
 v - 5 scrolls of summoning
 w - 27 scrolls of remove curse
 C - 7 scrolls of fog
 D - 14 scrolls of magic mapping
 F - 10 scrolls of teleportation
 L - 10 scrolls of identify
 V - a scroll of silence
Potions
 f - 3 potions of haste
 i - 5 potions of might
 j - 2 potions of mutation
 m - 17 potions of curing
 p - 6 potions of heal wounds
 t - 9 potions of agility
 x - 8 potions of lignification
 M - a potion of invisibility
 N - 8 potions of brilliance
 P - 2 potions of cancellation
 S - 9 potions of ambrosia
 U - 7 potions of resistance
 Y - 6 potions of magic
Miscellaneous
 h - 2 boxes of beasts
 I - a lamp of fire
   (You found it on level 9 of the Dungeon)
Comestibles
 c - 61 rations


   Skills:
 O Level 27 Fighting
 - Level 17.6(18.0) Axes
   Level 6.1(12.4) Maces & Flails
 - Level 22.0 Armour
 - Level 15.0 Dodging
 - Level 2.4 Stealth
 - Level 16.1 Shields
 - Level 3.0 Spellcasting
 - Level 4.0 Conjurations
 - Level 2.0 Hexes
 - Level 4.1 Fire Magic
 - Level 15.0 Invocations
 + Level 17.5 Evocations


You had 22 spell levels left.
You knew the following spells:

 Your Spells              Type           Power        Failure   Level  Hunger
a - Flame Tongue          Conj/Fire      ####.        26%         1    None
b - Throw Flame           Conj/Fire      ####..       36%         2    ##.....
c - Conjure Flame         Conj/Fire      ####....     58%         3    ###....
d - Inner Flame           Hex/Fire       ###.....     73%         3    ###....
e - Confusing Touch       Hex            ##....       50%         1    None

Your spell library contained the following spells:

 Spells                   Type           Power        Failure   Level  Hunger
 Magic Dart               Conj           ###.         28%         1    None
 Shock                    Conj/Air       ##..         50%         1    None
 Sting                    Conj/Pois      ##..         50%         1    None
 Slow                     Hex            ##......     65%         2    ##.....
 Animate Skeleton         Necr           N/A          78%         1    None
 Apportation              Tloc           #.....       78%         1    None
 Pain                     Necr           #...         78%         1    None
 Summon Small Mammal      Summ           #...         78%         1    None
 Static Discharge         Conj/Air       ##......     86%         3    ###....
 Blink                    Tloc           N/A          88%         2    ##.....
 Call Imp                 Summ           #.......     88%         2    ##.....
 Poisonous Vapours        Pois/Air       #.....       88%         2    ##.....
 Shroud of Golubria       Chrm/Tloc      #.....       88%         2    ##.....
 Mephitic Cloud           Conj/Pois/Air  ##......     91%         3    ###....
 Sticky Flame             Conj/Fire      ####....     92%         4    ####...
 Gell's Gravitas          Tloc           #.........   98%         3    ###....
 Lesser Beckoning         Tloc           #.........   98%         3    ###....
 Teleport Other           Tloc           #.......     98%         3    ###....
 Vampiric Draining        Necr           #.........   98%         3    ###....
 Fireball                 Conj/Fire      ####......   99%         5    ######.
 Animate Dead             Necr           N/A          100%        4    ####...
 Leda's Liquefaction      Hex/Erth       #.........   100%        4    ####...
 Olgreb's Toxic Radiance  Pois           #.......     100%        4    ####...
 Summon Lightning Spire   Summ/Air       #.......     100%        4    ####...
 Agony                    Necr           #.......     100%        5    ######.
 Bolt of Magma            Conj/Fire/Erth ###.......   100%        5    ######.
 Excruciating Wounds      Chrm/Necr      #.........   100%        5    ######.
 Irradiate                Conj/Tmut      ##........   100%        5    ######.
 Lightning Bolt           Conj/Air       ##........   100%        5    ######.
 Silence                  Hex/Air        #.........   100%        5    ######.
 Venom Bolt               Conj/Pois      ##........   100%        5    ######.
 Conjure Ball Lightning   Conj/Air       ##........   100%        6    #######
 Deflect Missiles         Chrm/Air       #.........   100%        6    #######
 Freezing Cloud           Conj/Ice/Air   ##........   100%        6    #######
 Hydra Form               Tmut           #.........   100%        6    #######
 Iron Shot                Conj/Erth      ##........   100%        6    #######
 Poison Arrow             Conj/Pois      ##........   100%        6    #######
 Statue Form              Tmut/Erth      #........    100%        6    #######
 Dragon Form              Tmut           #.........   100%        7    #######
 Ring of Flames           Chrm/Fire      ##........   100%        7    #######
 Chain Lightning          Conj/Air       ##........   100%        8    #######
 Ignition                 Fire           ####......   100%        8    #######
 Lehudib's Crystal Spear  Conj/Erth      ##........   100%        8    #######
 Fire Storm               Conj/Fire      ####......   100%        9    #######
 Glaciate                 Conj/Ice       ##........   100%        9    #######
 Shatter                  Erth           #.........   100%        9    #######
 Tornado                  Air            #.........   100%        9    #######
 Regeneration             Chrm/Necr      Unusable     N/A         3    N/A
 Passage of Golubria      Tloc           Unusable     N/A         4    N/A

Dungeon Overview and Level Annotations

Branches:
Dungeon (15/15)            Temple (0/1) D:7            Lair (6/6) D:8
  Swamp (4/4) Lair:2        Snake (4/4) Lair:3        Slime (0/5) Lair:5
    Orc (2/2) D:12            Elf (3/3) Orc:2        Vaults (4/5) D:13
  Crypt (1/3) Vaults:2     Depths (5/5) D:15            Zot (5/5) Depths:5
Ossuary (visited)           IceCv (visited)         Volcano (visited)

Altars:
Ashenzari
Dithmenos
Elyvilon
Gozag
Hepliaklqana
Makhleb
Nemelex Xobeh
Qazlal
Ru
Sif Muna
Trog
Uskayaw
Wu Jian
Xom
Yredelemnul
Zin
The Shining One
Beogh

Shops:
D:6 *   D:7 [   D:13 :   Orc:1 *   Orc:2 ([*(   Elf:1 :!!   Elf:3 !=*
Snake:3 *(([   Vaults:2 %   Depths:3 **

Portals:
Hell: Depths:1 Depths:2 Depths:3 Depths:4 Depths:5
Abyss: Depths:1 Depths:3 Depths:4 Depths:5
Pandemonium: Depths:3 Depths:5
Ziggurat: Depths:2

Annotations:
D:11 3 runed translucent doors, Hyawatha's ghost, journeyman DsGl
D:12 1 runed translucent door, Ydaps's ghost, journeyman OgTm
Lair:4 exclusion: 4 oklob plants
Swamp:3 5 transporters
Swamp:4 Roxanne
Snake:3 2 transporters, vurker's ghost, adept FoAK
Elf:2 5 runed translucent doors
Vaults:2 convoker
Depths:3 3 runed translucent doors, exclusion: obsidian statue, Foloqoer's ghost, adept DsFi
Zot:3 3 runed translucent doors, Shinahmin's ghost, legendary HOFi


Innate Abilities, Weirdness & Mutations

You are resistant to damage.
You can heal yourself by infusing magical energy.
You resist negative energy. (rN+)
You passively map a large area around you.
You do not regenerate.
You are partially covered in slimy green scales. (AC +2)
Your magical capacity is low. (-10% MP)
Your spells are a little harder to cast, but a little more powerful.
Potions are less effective at restoring your health.


Message History

No target in view!
No target in view!
No target in view!
No target in view!
No target in view!
(D) Dungeon (T) Temple (L) Lair (S) Swamp (P) Snake Pit (M) Slime Pits (O) Orcish Mines (E) Elven Halls (V) Vaults (C) Crypt (U) Depths (H) Hell (Z) Zot
Where to? (Enter - D:1 @ (x,y), ? - help)
You see here a +0 war axe.
There is a stone staircase leading up here.
You climb upwards.
There is a stone staircase leading down here.
There is an escape hatch in the ceiling here.
Really go through this one-way escape hatch?
A mysterious force pulls you upwards. The hatch slams shut behind you.
You eat one of the 62 rations.
That ration really hit the spot!
(D) Dungeon (T) Temple (L) Lair (S) Swamp (P) Snake Pit (M) Slime Pits (O) Orcish Mines (E) Elven Halls (V) Vaults (C) Crypt (U) Depths (H) Hell (Z) Zot
Where to? (Enter - D:1 @ (x,y), ? - help)
There is an open door here.
A rust devil comes into view.
You hit the rust devil but do no damage.
You slash the rust devil!
The rust devil is moderately wounded.
You block the rust devil's attack.
You barely miss the rust devil.
The rust devil is moderately wounded.
You block the rust devil's attack.
Your gold dragon scales prevents you from hitting the rust devil.
The rust devil is moderately wounded.
You slash the rust devil!
The rust devil is severely wounded.
You block the rust devil's attack.
You slice the rust devil!!
You kill the rust devil!
Makhleb accepts your kill.
No target in view!
No target in view!
No target in view!
No target in view!
No target in view!
No target in view!
No target in view!
(D) Dungeon (T) Temple (L) Lair (S) Swamp (P) Snake Pit (M) Slime Pits (O) Orcish Mines (E) Elven Halls (V) Vaults (C) Crypt (U) Depths (H) Hell (Z) Zot
Where to? (Enter - D:1 @ (x,y), ? - help)
Things that are here:
a +0 cloak; a +0 long sword; a +0 cloak
There is an open door, spattered with blood here.
You see here a +0 cloak.
There is an open door here.
You see here a ring of positive energy.
There is an open door here.
You see here a cursed +0 short sword.
There is a gate leading back out of this place, spattered with blood here.
You go up through the gate.
Welcome back to the Depths!
There is a gate to the Realm of Zot here.
There is an open door here.
There is a stone staircase leading up here.
You climb upwards.
There is a stone staircase leading down here.
A rust devil comes into view.
Your gold dragon scales prevents you from hitting the rust devil.
The rust devil hits you. The rust devil corrodes you!
You hit the rust devil.
The rust devil is lightly wounded.
You block the rust devil's attack.
You slash the rust devil!
The rust devil is moderately wounded.
You block the rust devil's attack.
You closely miss the rust devil.
The rust devil is moderately wounded.
You slice the rust devil!!
You kill the rust devil!
Makhleb accepts your kill.
No target in view!
No target in view!
No target in view!
No target in view!
No target in view!
No target in view!
No target in view!
(D) Dungeon (T) Temple (L) Lair (S) Swamp (P) Snake Pit (M) Slime Pits (O) Orcish Mines (E) Elven Halls (V) Vaults (C) Crypt (U) Depths (H) Hell (Z) Zot
Where to? (Enter - D:1 @ (x,y), ? - help)
You are no longer corroded.
(D) Dungeon (T) Temple (L) Lair (S) Swamp (P) Snake Pit (M) Slime Pits (O) Orcish Mines (E) Elven Halls (V) Vaults (C) Crypt (U) Depths (H) Hell (Z) Zot
Where to? (Enter - D:1 @ (x,y), ? - help)
There is a stone staircase leading up here.
You see here a large rock.
You climb upwards.
Level annotation: 3 runed translucent doors, exclusion: obsidian statue, Foloqoer's ghost, adept DsFi
There is a stone staircase leading down here.
Items here: ) [[ ÷ a +0 buckler of resistance; a +3 ring mail of poison resistance a +2 long sword of draining; a tengu skeleton You see here a large rock.
There is a stone staircase leading up here.
You climb upwards.
There is a stone staircase leading down here.
There is a stone staircase leading up here.
You climb upwards.
There is a stone staircase leading down here.
An Orb Guardian comes into view.
You completely miss the Orb Guardian. You block the Orb Guardian's attack.
You slice the Orb Guardian!!
The Orb Guardian is heavily wounded.
The Orb Guardian hits you but does no damage.
You hit the Orb Guardian.
The Orb Guardian is heavily wounded.
You block the Orb Guardian's attack.
You closely miss the Orb Guardian.
The Orb Guardian is heavily wounded.
You block the Orb Guardian's attack.
You slice the Orb Guardian!!
The Orb Guardian is almost dead.
The Orb Guardian misses you.
You barely miss the Orb Guardian.
The Orb Guardian is almost dead.
You block the Orb Guardian's attack.
You slice the Orb Guardian like a ripe choko!!!
You kill the Orb Guardian!
Makhleb accepts your kill.
No target in view!
No target in view!
No target in view!
No target in view!
No target in view!
No target in view!
(D) Dungeon (T) Temple (L) Lair (S) Swamp (P) Snake Pit (M) Slime Pits (O) Orcish Mines (E) Elven Halls (V) Vaults (C) Crypt (U) Depths (H) Hell (Z) Zot
Where to? (Enter - D:1 @ (x,y), ? - help)
There is an open door here.
There is an open door here.
There is a staircase back to the Dungeon here.
You climb upwards.
Welcome back to the Dungeon!
There is a staircase to the Depths, spattered with blood here.
Things that are here:
17 bolts; a +4 arbalest of freezing You see here a flail.
There is an open door here.
You see here a bolt.
Things that are here:
29 bolts; a +0 arbalest
There is an open door here.
Things that are here:
14 arrows; a +0 longbow You see here an arrow.
There is a stone staircase leading up here.
You climb upwards.
There is a stone staircase leading down here.
An ice devil comes into view.
There is an escape hatch in the ceiling here.
Really go through this one-way escape hatch?
A mysterious force pulls you upwards. The hatch slams shut behind you.
(D) Dungeon (T) Temple (L) Lair (S) Swamp (P) Snake Pit (M) Slime Pits (O) Orcish Mines (E) Elven Halls (V) Vaults (C) Crypt (U) Depths (H) Hell (Z) Zot
Where to? (Enter - D:1 @ (x,y), ? - help)
There is a stone staircase leading up here.
You climb upwards.
Level annotation: 1 runed translucent door, Ydaps's ghost, journeyman OgTm
There is a stone staircase leading down here.
There is an open door here.
A cacodemon, a pandemonium lord and a lich come into view.
Press: ? - help, v - describe, . - travel
Here: Gim Huc The floor.
Unknown command.
You feel yourself speed up.
You hear a grinding noise.
You hear a grinding noise.
There is a stone staircase leading up, spattered with blood here.
You climb upwards.
Level annotation: 3 runed translucent doors, Hyawatha's ghost, journeyman DsGl
There is a stone staircase leading down here.
(D) Dungeon (T) Temple (L) Lair (S) Swamp (P) Snake Pit (M) Slime Pits (O) Orcish Mines (E) Elven Halls (V) Vaults (C) Crypt (U) Depths (H) Hell (Z) Zot
Where to? (Enter - D:1 @ (x,y), ? - help)
There is a stone staircase leading up here.
You climb upwards.
There is a stone staircase leading down here.
There is a stone staircase leading up here.
You climb upwards.
There is a stone staircase leading down here.
Your extra speed is starting to run out.
You feel yourself slow down.
There is a stone staircase leading up here.
You climb upwards.
There is a stone staircase leading down here.
(D) Dungeon (T) Temple (L) Lair (S) Swamp (P) Snake Pit (M) Slime Pits (O) Orcish Mines (E) Elven Halls (V) Vaults (C) Crypt (U) Depths (H) Hell (Z) Zot
Where to? (Enter - D:1 @ (x,y), ? - help) 2 orange demons come into view.
Things that are here:
a +0 leather armour; a +0 club A cacodemon comes into view.
The cacodemon shouts!
The orange demon screeches! x2
There is a stone staircase leading up here.
You climb upwards.
There is a stone staircase leading down, spattered with blood here.
Unknown command.
Unknown command.
(D) Dungeon (T) Temple (L) Lair (S) Swamp (P) Snake Pit (M) Slime Pits (O) Orcish Mines (E) Elven Halls (V) Vaults (C) Crypt (U) Depths (H) Hell (Z) Zot
Where to? (Enter - D:1 @ (x,y), ? - help)
You see here a +0 whip.
There is a stone staircase leading up here.
You climb upwards.
There is a stone staircase leading down here.
There is a stone staircase leading up here.
You climb upwards.
There is a stone staircase leading down here.
There is an open door here.
Things that are here:
a cursed +0 leather armour; a +0 short sword
There is a stone staircase leading down here.
There is a stone staircase leading up here.
You climb upwards.
There is a stone staircase leading down here.
There is an escape hatch in the ceiling here.
Really go through this one-way escape hatch?
A mysterious force pulls you upwards. The hatch slams shut behind you.
(D) Dungeon (T) Temple (L) Lair (S) Swamp (P) Snake Pit (M) Slime Pits (O) Orcish Mines (E) Elven Halls (V) Vaults (C) Crypt (U) Depths (H) Hell (Z) Zot
Where to? (Enter - D:1 @ (x,y), ? - help)
You see here a dagger.
You open the door.
There is an open door here.
There is a stone staircase leading up here.
You climb upwards.
There is a stone staircase leading down here.
A rat comes into view.
You slash the rat!
You kill the rat!
Makhleb accepts your kill.
You slash the plant! You slice the plant!!
(D) Dungeon (T) Temple (L) Lair (S) Swamp (P) Snake Pit (M) Slime Pits (O) Orcish Mines (E) Elven Halls (V) Vaults (C) Crypt (U) Depths (H) Hell (Z) Zot
Where to? (Enter - D:1 @ (x,y), ? - help)
You enter the shallow water.
Moving in this stuff is going to be slow.
There is a stone staircase leading up here.
You see here a scroll of random uselessness.
You climb upwards.
There is a stone staircase leading down here.
A soul eater comes into view.
There is a large open door here.
The soul eater draws from the surrounding life force!
You enter the shallow water.
Moving in this stuff is going to be slow.
You slice the soul eater!!
The soul eater's magic leaks into the air.
The soul eater is moderately wounded.
The soul eater misses you.
You hit the soul eater but do no damage.
The soul eater is moderately wounded.
You block the soul eater's attack.
You hit the soul eater.
The soul eater's magic leaks into the air.
The soul eater is moderately wounded.
You hit the soul eater.
The soul eater's magic leaks into the air.
The soul eater is heavily wounded.
You block the soul eater's attack.
You slice the soul eater!!
The soul eater's magic leaks into the air.
The soul eater is almost dead.
The soul eater completely misses you.
You chop the soul eater into pieces!!!
You kill the soul eater!
Makhleb accepts your kill.
No target in view!
There is a staircase leading out of the dungeon here.
Enter note: gg You have escaped!

#.#######.##.# ##.#
.............# #.#
#.####......###########.#
#.#........8.≈≈≈≈≈≈≈≈##.#
#.#.......#.≈≈≈.....≈≈#.#
#.#.......#.≈≈..≈≈≈..≈#.#
#.#....##.#.≈..≈≈≈≈≈..#.#
#.#.#####.'.≈.≈≈...≈≈.#.#
#.#.# #.'.≈..≈@≈..≈.+.#
#.#.# #.#.≈≈...≈≈.≈.+.#
#.#.# #.#..≈≈≈≈≈..≈.#.#
#.#.# #.#≈..≈≈≈..≈≈.#.#
#.#.# #.#≈≈.....≈≈≈.#.#
#.#.### #.##≈≈≈≈≈≈≈≈.8..#
#.....# #.###########...#
#.....# #.# ##### #.....#
#.#


There were no monsters in sight!

Vanquished Creatures
  3 ancient liches (Zot:4)
  4 orbs of fire
  Tiamat (Zot:1)
  A juggernaut (Depths:4)
  Mara (Depths:4)
  Mennas (Vaults:2)
  4 Killer Klowns
  Xtahua (Vaults:4)
  2 curse toes (Zot:4)
  Vashnia (Snake:2)
  7 golden dragons
  The ghost of Wegu the Hoplite, a master VSFi of Hepliaklqana (Zot:4)
  Jory (Depths:4)
  2 bone dragons
  4 electric golems
  27 tentacled monstrosities
  A lich (Depths:3)
  26 Orb Guardians
  Jorgrun (D:15)
  A titan (Depths:5)
  6 quicksilver dragons
  A deep elf master archer (Elf:3)
  7 tentacled starspawn
  Kirke (Swamp:2)
  6 sphinxes
  The ghost of Ratty the Warrior, an adept MiFi of Gozag (Swamp:4)
  7 death cobs
  A thorn hunter (Swamp:3)
  5 nagarajas (Snake:4)
  Donald (Swamp:1)
  6 shadow dragons
  A tengu reaver (Depths:3)
  14 storm dragons
  7 fire giants
  8 draconian monks
  2 draconian scorchers
  5 frost giants
  An iron dragon (Depths:2)
  7 deep elf sorcerers (Elf:3)
  13 vault wardens
  Louise (Snake:2)
  5 draconian knights
  4 ghost moths
  3 deep elf elementalists (Elf:3)
  7 draconian stormcallers
  5 draconian shifters
  The ghost of gruber the Severer, a journeyman DDFi of Makhleb (Orc:2)
  3 ghouls (Crypt:1)
  Aizul (Snake:3)
  6 spriggan defenders
  A war gargoyle (Vaults:3)
  13 stone giants
  The ghost of whitenoisemaker the Archer, a journeyman GnWn of Makhleb (Orc:2)
  10 draconian annihilators
  An ophan (Abyss:1)
  7 ironheart preservers
  22 very ugly things
  A vampire knight (Depths:5)
  4 deep elf annihilators
  12 green draconians
  Azrael (Elf:1)
  2 lorocyprocas
  3 deep elf demonologists (Elf:3)
  14 red draconians
  16 black draconians
  7 yellow draconians
  5 spark wasps
  15 white draconians
  12 purple draconians
  Snorg (D:10)
  18 ettins
  2 merfolk javelineers
  7 deep elf death magi
  A blizzard demon (Depths:3)
  17 yaktaur captains
  6 deep elf high priests
  8 fire dragons
  6 jiangshi
  A merfolk impaler (Depths:5)
  Josephine (D:15)
  5 great orbs of eyes
  4 rakshasas
  16 naga warriors
  8 hydras
  9 vault guards
  4 spriggan air magi
  Harold (Orc:1)
  A shambling mangrove (Swamp:4)
  2 ghost crabs
  13 centaur warriors
  10 ice dragons
  16 ogre magi
  10 alligators
  4 catoblepae
  7 death knights
  A satyr (Abyss:3)
  6 death yaks
  46 two-headed ogres
  11 anacondas
  13 dancing weapons
  2 deep troll shamans (Depths:4)
  7 thrashing horrors
  A titan zombie (Depths:4)
  5 tengu warriors
  2 orc high priests
  10 deep troll earth magi
  6 spriggan berserkers
  13 naga sharpshooters
  26 deep elf knights
  A soul eater (D:1)
  3 vampire magi
  5 shock serpents
  A storm dragon zombie (Vaults:4)
  2 iron trolls (Depths:4)
  A sixfirhy (Abyss:3)
  3 salamander mystics
  A sun demon (Depths:3)
  6 wretched stars
  3 shadow wraiths
  3 unseen horrors
  22 deep trolls
  2 spatial maelstroms (Abyss:3)
  2 spectral hydras (Swamp:4)
  3 flayed ghosts
  7 sea snakes
  9 skeletal warriors
  2 spriggan druids
  2 anaconda skeletons (Volcano)
  A glowing orange brain (Depths:2)
  7 naga ritualists
  22 ironbrand convokers
  A lindwurm (shapeshifter) (Depths:3)
  5 wizards
  8 swamp dragons
  A harpy (shapeshifter) (Depths:2)
  12 orc knights
  A sphinx zombie (Vaults:4)
  Pikel (D:4)
  24 deep elf archers
  3 necromancers (Vaults:4)
  3 harpies (Vaults:2)
  4 phantasmal warriors
  A wolf spider zombie (D:15)
  13 salamanders
  3 wolf spiders
  A worldbinder (Abyss:5)
  8 mana vipers
  56 deep elf magi
  3 human zombies
  4 orc sorcerers
  3 stone giant zombies (Depths:4)
  49 ugly things
  An elephant (shapeshifter) (Vaults:4)
  A faun (shapeshifter) (Depths:2)
  3 cyclopes
  2 toenail golems
  24 moths of wrath
  A glowing shapeshifter (Depths:1)
  Joseph (D:10)
  A black mamba (shapeshifter) (Abyss:3)
  A torpor snail (Lair:4)
  An elephant (Lair:4)
  Maurice (D:9)
  2 rust devils
  2 apocalypse crabs
  4 guardian serpents
  25 naga magi
  7 gargoyles
  2 orange demons (Abyss:2)
  24 black mambas
  6 human skeletons
  10 vault sentinels
  A spiny frog (shapeshifter) (Depths:1)
  17 spiny frogs
  5 smoke demons
  A storm dragon simulacrum (Vaults:4)
  2 hellions
  2 rime drakes (IceCv)
  An ice statue (IceCv)
  A yaktaur (shapeshifter) (Depths:1)
  7 komodo dragons
  68 yaktaurs
  A death yak zombie (Crypt:1)
  A komodo dragon (shapeshifter) (Depths:3)
  6 freezing wraiths
  2 swamp worm zombies (Swamp:4)
  2 efreet
  An ice devil (Abyss:3)
  A troll (shapeshifter) (Vaults:1)
  A queen bee (D:15)
  3 meliai (D:15)
  A guardian mummy (Crypt:1)
  2 tengu conjurers
  4 hydra zombies (Swamp:4)
  A red devil (Depths:2)
  5 ancient zymes
  A merfolk (shapeshifter) (Depths:3)
  6 polar bears
  7 trolls
  A meliai (shapeshifter) (Vaults:1)
  7 tyrant leeches
  A hornet (shapeshifter) (Abyss:3)
  A wolf spider simulacrum (D:14)
  A harpy skeleton (Volcano)
  A wind drake (shapeshifter) (Depths:4)
  21 hornets
  A spectral swamp dragon (Swamp:4)
  18 raiju
  9 bog bodies
  3 hippogriffs
  40 slime creatures
  15 blink frogs
  4 alligator zombies (Swamp:4)
  2 centaur simulacra (D:13)
  4 air elementals
  25 spriggans
  9 flying skulls
  6 shadows
  3 alligator skeletons (Volcano)
  37 starcursed masses
  10 water elementals
  5 fire elementals
  14 wraiths
  7 fire bats
  A hog (shapeshifter) (Vaults:1)
  60 yaks
  2 wyverns
  7 large abominations
  A vampire (D:10)
  3 ynoxinuls
  A basilisk (shapeshifter) (Vaults:3)
  4 basilisks
  6 chaos spawn
  3 hungry ghosts
  2 neqoxecs
  19 vampire mosquitoes
  A naga (shapeshifter) (Depths:4)
  13 swamp worms
  6 wargs
  4 spatial vortices
  10 insubstantial wisps
  2 soldier ants
  A deep troll zombie (Vaults:4)
  2 acid dragons
  A torturous demonspawn zombie (Crypt:1)
  44 nagas
  A floating eye (shapeshifter) (D:15)
  20 water moccasins
  A soldier ant (shapeshifter) (Vaults:2)
  4 hell hounds (Elf:1)
  6 porcupines
  Duvessa (D:5)
  2 hornet zombies (D:15)
  47 orc warriors
  8 swamp drakes
  27 ice beasts
  3 slaves (D:4)
  6 black bears
  3 swamp dragon zombies (Swamp:4)
  An ettin simulacrum (Abyss:2)
  2 necrophages
  An eye of draining (D:13)
  7 phantoms
  14 boggarts
  18 wolves
  3 sky beasts
  33 ogres
  A tengu (shapeshifter) (Vaults:1)
  11 crocodiles
  11 centaurs
  2 big kobolds
  20 bullfrogs
  2 earth elementals
  2 gnoll sergeants
  8 small abominations
  4 scorpions
  Dowan (D:5)
  A water moccasin skeleton (D:11)
  15 killer bees
  8 howler monkeys
  16 wights
  2 electric eels
  3 troll skeletons (Volcano)
  8 crimson imps
  4 centaur zombies
  A quasit (D:8)
  7 hounds
  2 human simulacra (Vaults:1)
  3 jellies
  12 centaur skeletons
  21 orc priests
  2 gnoll shamans
  3 bullfrog skeletons
  2 iguanas
  Natasha (thrice) (D:4)
  32 orc wizards
  2 spectral swamp drakes (Swamp:4)
  9 worker ants
  2 naga skeletons (Volcano)
  A hound skeleton (D:11)
  10 mummies
  A worker ant zombie (D:9)
  A howler monkey skeleton (D:11)
  3 swamp drake zombies (Swamp:4)
  18 adders
  18 gnolls
  2 shadow imps
  10 white imps
  4 ufetubi
  An adder skeleton (D:4)
  3 worms
  2 dart slugs (D:3)
  4 leopard geckos
  128 orcs
  7 bats
  8 giant cockroaches
  A gnoll zombie (Ossuary)
  9 goblins
  12 hobgoblins
  10 jackals
  14 kobolds
  4 quokkas
  4 ball pythons
  6 frilled lizards
  2 hobgoblin zombies (Ossuary)
  2 kobold zombies (Ossuary)
  A leopard gecko skeleton (D:4)
  3 orc zombies (Ossuary)
  13 rats
  A spectral orc (D:4)
  2 crawling corpses (Elf:3)
  A fungus (Lair:6)
  A lurking horror (Abyss:3)
  3 plants
  13 starspawn tentacles
2470 creatures vanquished.

Vanquished Creatures (collateral kills)
  Saint Roka (Orc:1)
  2 hydras
  The ghost of Tenar the Cleaver, a journeyman GrFi of Okawaru (Orc:2)
  2 two-headed ogres
  A cyclops (D:15)
  A moth of wrath (Zot:2)
  A tyrant leech (Swamp:1)
  A water moccasin (Lair:5)
  A worker ant zombie (D:10)
  An orc (D:11)
12 creatures vanquished.

Vanquished Creatures (others)
  A death cob (Zot:2)
  A white draconian (Depths:5)
  An ogre mage (Depths:4)
  A phantasmal warrior (Swamp:4)
  A deep elf mage (Elf:1)
  A worldbinder (Abyss:3)
  A black mamba (Snake:4)
  A vampire mosquito (Swamp:4)
  2 insubstantial wisps (Swamp:4)
  A naga (Snake:4)
  A swamp worm (Swamp:4)
  A swamp drake (Swamp:3)
  2 ogres
  5 fungi
  12 plants
  17 starspawn tentacles
49 creatures vanquished.

Grand Total: 2531 creatures vanquished

Notes
Turn   | Place    | Note
-------+----------+-------------------------------------------
     0 | D:1      | trivialoptimal the Deep Dwarf Fire Elementalist began the
                  | quest for the Orb.
     0 | D:1      | Reached XP level 1. HP: 15/15 MP: 3/3
   231 | D:1      | Reached skill level 1 in Conjurations
   517 | D:1      | Reached XP level 2. HP: 24/24 MP: 1/4
   535 | D:1      | Learned a level 2 spell: Throw Flame
   920 | D:1      | Reached skill level 1 in Fighting
  1763 | D:2      | Reached XP level 3. HP: 31/31 MP: 1/6
  1957 | D:2      | Learned a level 3 spell: Conjure Flame
  2369 | D:2      | Found a sparkling altar of Nemelex Xobeh.
  2386 | D:2      | Found a sacrificial altar of Ru.
  2634 | D:2      | Reached XP level 4. HP: 38/38 MP: 2/7
  3034 | D:3      | Found a shadowy altar of Dithmenos.
  3795 | D:3      | Reached XP level 5. HP: 40/44 MP: 2/9
  3936 | D:3      | Learned a level 3 spell: Inner Flame
  4592 | D:4      | Found a sand-covered staircase.
  4598 | Ossuary  | Entered an ossuary
  5024 | Ossuary  | Reached XP level 6. HP: 44/51 MP: 4/10
  5276 | D:4      | Noticed Natasha
  5280 | D:4      | Killed Natasha
  5280 | D:4      | Noticed Natasha
  5285 | D:4      | Killed Natasha
  5600 | D:4      | Reached skill level 1 in Axes
  5716 | D:4      | Reached skill level 1 in Armour
  5758 | D:4      | Noticed a slave
  5758 | D:4      | Noticed a slave
  5758 | D:4      | Noticed a slave
  5759 | D:4      | Noticed Pikel
  5774 | D:4      | Noticed a slave
  5785 | D:4      | Noticed Natasha
  5936 | D:4      | Reached skill level 2 in Fighting
  6094 | D:4      | Killed Natasha
  6308 | D:4      | Killed a slave
  6423 | D:4      | Reached XP level 7. HP: 60/60 MP: 6/11
  6608 | D:4      | Found a basalt altar of Yredelemnul.
  7110 | D:4      | Found a hazy altar of Hepliaklqana.
  7169 | D:4      | Found a hazy altar of Hepliaklqana.
  7246 | D:4      | Found a basalt altar of Yredelemnul.
  7801 | D:4      | Killed Pikel
  7801 | D:4      | Reached skill level 3 in Fighting
  7801 | D:4      | Reached XP level 8. HP: 64/69 MP: 0/12
  7802 | D:4      | finally
  7892 | D:5      | Entered Level 5 of the Dungeon
  7959 | D:5      | Found a hide-covered altar of Uskayaw.
  8206 | D:5      | Found a shimmering altar of Xom.
  8412 | D:5      | Found a stormy altar of Qazlal.
  8415 | D:5      | Noticed an air elemental
  8446 | D:5      | Found a shimmering blue altar of Sif Muna.
  8507 | D:5      | Noticed Dowan
  8514 | D:5      | Noticed Duvessa
  8672 | D:5      | Killed Dowan
  8672 | D:5      | Reached skill level 4 in Fighting
  8672 | D:5      | Killed Duvessa
  8941 | D:6      | Reached skill level 5 in Axes
  8941 | D:6      | Reached skill level 1 in Shields
  8966 | D:6      | Got a pair of scorched gloves
  8972 | D:6      | Identified the cursed +0 pair of gloves "Eped" {Str+6
                  | Dex-3} (You found it on level 6 of the Dungeon)
  9215 | D:6      | why do I mix up ctrl+f and :
  9351 | D:6      | Found a burning altar of Makhleb.
  9352 | D:6      | nice, makhleb
  9367 | D:6      | Became a worshipper of Makhleb the Destroyer
  9492 | D:6      | Found a shattered altar of Ashenzari.
  9677 | D:5      | Reached skill level 1 in Invocations
  9958 | D:6      | Found Icaganov's Serpentskin Sales.
 10199 | D:7      | Gained mutation: You passively map the area around you.
                  | [Deep Dwarf growth]
 10199 | D:7      | Reached XP level 9. HP: 57/80 MP: 1/13
 10316 | D:7      | Reached skill level 5 in Fighting
 10516 | D:7      | Found a glowing silver altar of Zin.
 10614 | D:6      | Bought a +2 chain mail of poison resistance for 259 gold
                  | pieces
 10849 | D:7      | Reached * piety under Makhleb
 11006 | D:7      | Found a staircase to the Ecumenical Temple.
 11357 | D:7      | Found Hokim's Armour Shoppe.
 11424 | D:7      | Reached skill level 5 in Armour
 11849 | D:7      | Found an ornate altar of the Wu Jian Council.
 11945 | D:7      | Found a glowing silver altar of Zin.
 12032 | D:7      | Found a staircase to the Ecumenical Temple.
 12434 | D:8      | Found a staircase to the Lair.
 12459 | D:8      | Reached ** piety under Makhleb
 12571 | D:8      | Noticed a troll
 12587 | D:8      | Killed a troll
 12948 | D:8      | Reached XP level 10. HP: 63/91 MP: 6/12
 13027 | Lair:1   | Entered Level 1 of the Lair of Beasts
 13078 | Lair:1   | Reached skill level 5 in Invocations
 13192 | Lair:1   | Found a dark tunnel.
 13201 | Volcano  | Entered a volcano
 13237 | Volcano  | Reached skill level 6 in Fighting
 13309 | Volcano  | Reached skill level 1 in Evocations
 13319 | Volcano  | Noticed a gargoyle
 13364 | Volcano  | Killed a gargoyle
 13380 | Volcano  | Noticed a gargoyle
 13397 | Volcano  | Killed a gargoyle
 13397 | Volcano  | Reached skill level 5 in Shields
 13547 | Volcano  | Noticed a gargoyle
 13565 | Volcano  | Killed a gargoyle
 13567 | Volcano  | Noticed a skeletal warrior
 13591 | Volcano  | Killed a skeletal warrior
 13600 | Volcano  | Noticed a skeletal warrior
 13626 | Volcano  | Killed a skeletal warrior
 13626 | Volcano  | Reached skill level 10 in Axes
 13631 | Volcano  | Reached XP level 11. HP: 57/99 MP: 5/5
 13801 | Volcano  | Reached *** piety under Makhleb
 13846 | Volcano  | Reached skill level 7 in Fighting
 14153 | Lair:1   | Reached skill level 5 in Evocations
 14846 | Lair:2   | Found a staircase to the Swamp.
 15254 | Lair:3   | Found a staircase to the Snake Pit.
 15566 | Lair:3   | Reached XP level 12. HP: 85/110 MP: 5/5
 15684 | Lair:3   | Reached skill level 8 in Fighting
 15925 | Lair:3   | You fall into a shaft and drop 2 floors!
 16047 | Lair:5   | Reached **** piety under Makhleb
 16131 | Lair:4   | Noticed a death yak
 16131 | Lair:4   | Noticed a death yak
 16168 | Lair:4   | Killed a death yak
 16177 | Lair:4   | Killed a death yak
 17339 | Lair:5   | Noticed a five-headed hydra
 17349 | Lair:5   | Killed a five-headed hydra
 17458 | Lair:5   | Learned a level 1 spell: Confusing Touch
 17780 | Lair:5   | Reached skill level 1 in Hexes
 17849 | Lair:5   | Found a staircase to the Slime Pits.
 17944 | Lair:5   | Reached skill level 9 in Fighting
 18081 | Lair:6   | Entered Level 6 of the Lair of Beasts
 18081 | Lair:6   | Found a sacrificial altar of Ru.
 18124 | Lair:6   | Reached XP level 13. HP: 121/121 MP: 3/6
 18379 | Lair:6   | Reached skill level 10 in Armour
 18614 | Lair:6   | Reached ***** piety under Makhleb
 19056 | Lair:6   | Reached skill level 10 in Shields
 19754 | D:9      | Found a white marble altar of Elyvilon.
 19823 | D:9      | Noticed Maurice
 19833 | D:9      | Killed Maurice
 20229 | Lair:3   | Got a jewelled plate armour
 20240 | Lair:3   | Identified the +1 plate armour of the Land of Plenty {rElec
                  | rCorr Str-2} (You found it on level 3 of the Lair of
                  | Beasts)
 20412 | D:7      | Bought a +2 helmet of see invisible for 301 gold pieces
 20503 | D:10     | Entered Level 10 of the Dungeon
 20798 | D:10     | Noticed Snorg
 20816 | D:10     | Killed Snorg
 20884 | D:10     | Noticed Joseph
 20914 | D:10     | Killed Joseph
 20914 | D:10     | Reached skill level 10 in Fighting
 21526 | D:11     | Found a runed translucent gate.
 21526 | D:11     | Found a runed translucent gate.
 21527 | D:11     | Found a runed translucent gate.
 21529 | D:11     | Noticed Hyawatha's ghost (journeyman DsGl)
 21538 | D:11     | Reached ****** piety under Makhleb
 22367 | D:11     | Gained mutation: Armour fits poorly on your strangely
                  | shaped body. [potion of mutation]
 22367 | D:11     | Gained mutation: You can translocate small distances at
                  | will. [potion of mutation]
 22367 | D:11     | Gained mutation: You passively map a large area around you.
                  | [potion of mutation]
 22368 | D:11     | Lost mutation: You can translocate small distances at will.
                  | [potion of mutation]
 22368 | D:11     | Lost mutation: Armour fits poorly on your strangely shaped
                  | body. [potion of mutation]
 22368 | D:11     | Gained mutation: You are somewhat resistant to further
                  | mutation. [potion of mutation]
 22569 | D:12     | Found a runed translucent door.
 22569 | D:12     | Found a shimmering altar of Xom.
 22569 | D:12     | Noticed Ydaps's ghost (journeyman OgTm)
 22678 | D:12     | Found a staircase to the Orcish Mines.
 22760 | D:12     | Gained mutation: You resist negative energy. (rN+) [Deep
                  | Dwarf growth]
 22760 | D:12     | Reached XP level 14. HP: 132/132 MP: 8/8
 22830 | D:12     | Found a glowing golden altar of the Shining One.
 23242 | D:13     | Got a fine ruby amulet
 23380 | D:13     | Found a glowing golden altar of the Shining One.
 23561 | D:13     | Found Puyr Nue's Book Shop.
 23834 | D:13     | Found a gate to the Vaults.
 23940 | D:13     | Found a portal to a secret trove of treasure.
 23943 | D:13     | Identified the amulet "Ujunyolu" {Harm *Drain rPois} (You
                  | found it on level 13 of the Dungeon)
 24476 | D:14     | Found a frozen archway.
 24485 | IceCv    | Entered an ice cave
 25178 | IceCv    | Reached skill level 15 in Axes
 25364 | IceCv    | Reached skill level 11 in Fighting
 25933 | D:15     | Entered Level 15 of the Dungeon
 26209 | D:15     | Paralysed by a floating eye for 3 turns
 26338 | D:15     | Noticed Jorgrun
 26376 | D:15     | Killed Jorgrun
 26376 | D:15     | Reached XP level 15. HP: 80/141 MP: 9/9
 26382 | D:15     | Reached skill level 10 in Invocations
 26862 | D:15     | Noticed Josephine
 26923 | D:15     | Killed Josephine
 27046 | D:15     | Found a staircase to the Depths.
 27179 | Orc:1    | Entered Level 1 of the Orcish Mines
 27215 | Orc:1    | Noticed Harold
 27242 | Orc:1    | Killed Harold
 27291 | Orc:1    | Found a bloodstained altar of Trog.
 27443 | Orc:1    | Found Doghag's General Store.
 27451 | Orc:1    | Bought a potion of heal wounds for 85 gold pieces
 27574 | Orc:1    | You fall into a shaft and drop 1 floor!
 27574 | Orc:2    | Entered Level 2 of the Orcish Mines
 27587 | Orc:2    | Found a roughly hewn altar of Beogh.
 27611 | Orc:2    | Found a staircase to the Elven Halls.
 28166 | Orc:2    | Found a runed translucent gate.
 28166 | Orc:2    | Found a runed translucent gate.
 28332 | Orc:2    | Found a runed translucent gate.
 28333 | Orc:2    | Noticed whitenoisemaker's ghost (journeyman GnWn)
 28333 | Orc:2    | Noticed gruber's ghost (journeyman DDFi)
 28334 | Orc:2    | Noticed Tenar's ghost (journeyman GrFi)
 28670 | Orc:2    | Found a roughly hewn altar of Beogh.
 28671 | Orc:2    | Found Jeuf's Assorted Antiques.
 28794 | Orc:2    | Noticed Saint Roka
 28920 | Orc:1    | Killed Saint Roka
 29058 | Orc:2    | Found Kewaing's Antique Weapon Boutique.
 29060 | Orc:2    | Found a roughly hewn altar of Beogh.
 29065 | Orc:2    | Found Kuejutt's Antique Armour Shop.
 29133 | Orc:2    | Found a roughly hewn altar of Beogh.
 29172 | Orc:2    | Found Gowo's Weapon Shop.
 29241 | Orc:2    | Bought a glowing demon whip for 558 gold pieces
 29248 | Orc:2    | Bought a faintly glowing chain mail for 237 gold pieces
 29248 | Orc:2    | Bought a faintly humming chain mail for 237 gold pieces
 29260 | Orc:2    | Identified the +2 chain mail of Gimitapt {+Inv rPois
                  | Stlth-} (You bought it in a shop on level 2 of the Orcish
                  | Mines)
 29272 | Orc:2    | Identified the +8 chain mail "Cups" {Int+2} (You bought it
                  | in a shop on level 2 of the Orcish Mines)
 29447 | Orc:2    | Killed whitenoisemaker's ghost
 29464 | Orc:2    | Killed Tenar's ghost
 29548 | Orc:2    | Killed gruber's ghost
 29548 | Orc:2    | Reached skill level 1 in Maces & Flails
 29563 | Orc:2    | Got a pitted lead ring
 29565 | Orc:2    | Identified the ring "Tiapa" {Ice MR+ Str-3 Int+7} (You
                  | found it on level 2 of the Orcish Mines)
 29840 | Snake:1  | Entered Level 1 of the Snake Pit
 29954 | Swamp:1  | Entered Level 1 of the Swamp
 30143 | Lair:2   | Reached skill level 12 in Fighting
 30475 | Swamp:1  | Noticed Donald
 30476 | Swamp:1  | Noticed an Executioner
 30770 | Swamp:1  | Killed Donald
 31242 | Swamp:2  | Reached XP level 16. HP: 152/152 MP: 6/11
 31600 | Swamp:2  | Noticed Kirke
 31623 | Swamp:2  | Killed Kirke
 31947 | Swamp:3  | Found a transporter.
 32078 | Swamp:3  | Found a transporter.
 32137 | Swamp:3  | Noticed a thorn hunter
 32166 | Swamp:3  | Killed a thorn hunter
 32338 | Swamp:3  | Found a transporter.
 32338 | Swamp:3  | Found a transporter.
 32492 | Swamp:3  | Found a transporter.
 32693 | Swamp:4  | Entered Level 4 of the Swamp
 32738 | Swamp:3  | Reached skill level 5 in Maces & Flails
 32887 | Swamp:4  | Found the +8 Wrath of Trog {antimagic, *Rage}
 33217 | Swamp:4  | Identified Roxanne's Papyrus of Clay
 33217 | Swamp:4  | Noticed Roxanne
 33597 | Swamp:4  | Noticed a bone dragon
 33628 | Swamp:4  | Killed a bone dragon
 33647 | Swamp:4  | Got a decaying rune of Zot
 33784 | Swamp:4  | Found a transporter.
 33788 | Swamp:4  | Identified the +9 broad axe of Distant Worlds {antimagic,
                  | MP-9 Str+3 Dex+7}
 33788 | Swamp:4  | Noticed Ratty's ghost (adept MiFi)
 33789 | Swamp:4  | Found a bloodstained altar of Trog.
 33794 | Swamp:4  | Found a transporter.
 33796 | Swamp:4  | Identified the +3 morningstar of Ru's Approval {antimagic,
                  | rPois}
 34136 | Swamp:4  | Paralysed by a hornet for 1 turns
 34321 | Swamp:4  | Killed Ratty's ghost
 34321 | Swamp:4  | Reached skill level 13 in Fighting
 34321 | Swamp:4  | Reached XP level 17. HP: 81/163 MP: 0/11
 35093 | Snake:2  | Noticed Vashnia
 35480 | Snake:2  | Reached skill level 5 in Dodging
 35525 | Snake:2  | Killed Vashnia
 35758 | Snake:2  | Noticed Louise
 35773 | Snake:2  | Killed Louise
 36084 | Snake:3  | Reached skill level 15 in Armour
 36325 | Snake:3  | Found a shimmering altar of Xom.
 36360 | Snake:3  | Found Yhadenot's Antique Armour Boutique.
 36362 | Snake:3  | Found Yckaupn's Antique Weapon Boutique.
 36362 | Snake:3  | Found Caunk's Weapon Shop.
 36367 | Snake:3  | Found Vykiphomm's Assorted Antiques.
 36367 | Snake:3  | Noticed Aizul
 36387 | Snake:3  | Killed Aizul
 36412 | Snake:3  | Bought a scroll labeled IRYN OL ULISUDU for 39 gold pieces
 36417 | Snake:3  | Bought a glowing large shield for 292 gold pieces
 36428 | Snake:3  | Bought a scroll of blinking for 292 gold pieces
 36428 | Snake:3  | Bought a scroll of teleportation for 117 gold pieces
 36607 | Snake:3  | Found a transporter.
 36607 | Snake:3  | Identified the +4 war axe "Loynulurch" {elec, *Rage rElec
                  | rPois Dex+3}
 36607 | Snake:3  | Identified the +8 mace "Paimitoc" {antimagic, rPois rC+
                  | Str+4}
 36615 | Snake:3  | Found a bloodstained altar of Trog.
 36617 | Snake:3  | Noticed vurker's ghost (adept FoAK)
 36622 | Snake:3  | Found a transporter.
 36707 | Snake:4  | Entered Level 4 of the Snake Pit
 37043 | D:13     | You paid a toll of 6 scrolls of blinking to enter a
                  | treasure trove
 37044 | Trove    | Entered a treasure trove
 37047 | Trove    | Found the ring of the Octopus King
 37053 | Trove    | Got a ring of the Octopus King
 37057 | Trove    | Got a scintillating lead ring
 37061 | Trove    | Got a slimy copper amulet
 37067 | Trove    | Got a clouded lead ring
 37071 | Trove    | Got a crude platinum amulet
 37073 | Trove    | Got a bound sapphire amulet
 37075 | Trove    | Got a scintillating copper ring
 37077 | Trove    | Got a bound golden ring
 37083 | Trove    | Got a wavering jade amulet
 37120 | D:13     | Identified a ring of the Octopus King {rF+ AC+1 EV+1 Str+1
                  | Int+1 Dex+1} (You found it in a treasure trove)
 37121 | D:13     | Identified the ring "Munkusuc" {+Fly MR+ Str-4 Int+7 Dex-5}
                  | (You found it in a treasure trove)
 37122 | D:13     | Identified the ring of Mioq Qao {*Corrode rElec rC+ MR+
                  | Str+3} (You found it in a treasure trove)
 37123 | D:13     | Identified the ring of Gaadit {Int+3 Stlth+} (You found it
                  | in a treasure trove)
 37124 | D:13     | Identified the ring of Circularity {MP+9 Dex+4} (You found
                  | it in a treasure trove)
 37561 | Snake:4  | Found a basalt altar of Yredelemnul.
 37723 | Snake:4  | Reached skill level 15 in Shields
 37812 | Snake:4  | Identified a scroll of acquirement
 37941 | Snake:4  | Mutation became permanent: You passively map the area
                  | around you. [Deep Dwarf growth]
 37941 | Snake:4  | Gained mutation: You passively map a large area around you.
                  | [Deep Dwarf growth]
 37941 | Snake:4  | Reached XP level 18. HP: 172/172 MP: 1/12
 38179 | Snake:4  | Got a serpentine rune of Zot
 39035 | Elf:1    | Entered Level 1 of the Elven Halls
 39118 | Elf:1    | Found Offowem's Book Shop.
 39252 | Elf:1    | Reached skill level 14 in Fighting
 39264 | Elf:1    | Found Cil Raym's Distillery.
 39273 | Elf:1    | Bought a potion of mutation for 80 gold pieces
 39273 | Elf:1    | Bought a potion of haste for 100 gold pieces
 39273 | Elf:1    | Bought a potion of might for 40 gold pieces
 39273 | Elf:1    | Bought a potion of agility for 40 gold pieces
 39273 | Elf:1    | Bought a potion of agility for 40 gold pieces
 39273 | Elf:1    | Bought a potion of might for 40 gold pieces
 39273 | Elf:1    | Bought a potion of resistance for 100 gold pieces
 39273 | Elf:1    | Bought a potion of resistance for 100 gold pieces
 39542 | Elf:1    | Found Ojuas's Distillery.
 39566 | Elf:1    | Cast into level 3 of the Abyss (+1 hand axe of distortion)
 39566 | Abyss:3  | Found a corrupted altar of Lugonu.
 39580 | Elf:1    | Escaped the Abyss
 39611 | Elf:1    | Bought a potion of mutation for 128 gold pieces
 39611 | Elf:1    | Bought 2 potions of haste for 320 gold pieces
 39956 | Elf:1    | Noticed Azrael
 39983 | Elf:1    | Killed Azrael
 40391 | Elf:2    | Found a huge runed translucent gate.
 40393 | Elf:2    | Found a huge runed translucent gate.
 40393 | Elf:2    | Found a huge runed translucent gate.
 40394 | Elf:2    | Found a huge runed translucent gate.
 40394 | Elf:2    | Found a huge runed translucent gate.
 41095 | Elf:3    | Entered Level 3 of the Elven Halls
 41138 | Elf:3    | Found Enawn's Jewellery Shop.
 41197 | Elf:3    | Found Vunogh's General Store.
 41229 | Elf:3    | Found Hinlouc's Distillery.
 41235 | Elf:3    | Bought a potion of heal wounds for 60 gold pieces
 41416 | Elf:3    | Reached XP level 19. HP: 183/183 MP: 1/14
 42035 | Elf:3    | Reached skill level 15 in Invocations
 42172 | Elf:3    | Identified the +8 quarterstaff of the Eleven Tables
                  | {antimagic, +Blink SInv Stlth+}
 42291 | Elf:3    | Reached skill level 10 in Dodging
 42349 | Elf:3    | Identified the +1 robe "Ecianusmaba" {rN+ MP+9}
 42488 | Elf:3    | Identified the Disquisition on Orientation and Unholy
                  | Secrets
 42584 | Elf:3    | Identified the +8 chain mail of Asam {*Slow rElec Slay+2}
                  | (You found it on level 3 of the Elven Halls)
 42587 | Elf:3    | Identified the Almanac of the Rocks and Confrontation
 42623 | Elf:3    | Got a faintly humming plate armour
 42634 | Elf:3    | Identified the +9 plate armour of Space {*Slow rCorr Str+9
                  | Dex-3} (You found it on level 3 of the Elven Halls)
 42681 | Elf:3    | Got a slimy scimitar
 42682 | Elf:3    | Identified the cursed +0 scimitar of Uncertain Death {vamp,
                  | *Slow +Inv rC+ rN++} (You found it on level 3 of the Elven
                  | Halls)
 42758 | Elf:3    | Gained mutation: You are dopey. (Int -2) [potion of
                  | mutation]
 42759 | Elf:3    | Lost mutation: You are somewhat resistant to further
                  | mutation. [potion of mutation]
 42759 | Elf:3    | Lost mutation: You are dopey. (Int -2) [potion of mutation]
 42759 | Elf:3    | Gained mutation: Your flesh is cold resistant. (rC+)
                  | [potion of mutation]
 42759 | Elf:3    | Gained mutation: You have sharp toenails. [potion of
                  | mutation]
 42759 | Elf:3    | Gained mutation: Your mind is acute. (Int +2) [potion of
                  | mutation]
 42759 | Elf:3    | Gained mutation: You are partially covered in molten
                  | scales. (AC +2) [potion of mutation]
 42945 | Vaults:1 | Entered Level 1 of the Vaults
 43063 | Vaults:1 | Reached skill level 15 in Fighting
 43655 | Vaults:1 | Reached XP level 20. HP: 193/194 MP: 2/16
 44095 | Vaults:1 | Cast into level 2 of the Abyss (ironheart preserver)
 44244 | Abyss:3  | Reached skill level 10 in Evocations
 44297 | Abyss:3  | Found an ornate altar of the Wu Jian Council.
 44385 | Vaults:1 | Escaped the Abyss
 45012 | Vaults:2 | Reached skill level 16 in Fighting
 45291 | Vaults:2 | Found a staircase to the Crypt.
 45347 | Vaults:2 | Found Ynosh's Food Emporium.
 45393 | Vaults:2 | Noticed Mennas
 45395 | Vaults:2 | 3% dude
 45395 | Vaults:2 | cmon
 45397 | Vaults:2 | Gained mutation: Armour fits poorly on your strangely
                  | shaped body. [a cacodemon]
 45401 | Vaults:2 | Lost mutation: Your mind is acute. (Int +2) [potion of
                  | mutation]
 45401 | Vaults:2 | Lost mutation: Armour fits poorly on your strangely shaped
                  | body. [potion of mutation]
 45401 | Vaults:2 | Lost mutation: You are partially covered in molten scales.
                  | (AC +2) [potion of mutation]
 45401 | Vaults:2 | Gained mutation: You are weak. (Str -2) [potion of
                  | mutation]
 45401 | Vaults:2 | Gained mutation: You are covered in fur. (AC +1) [potion of
                  | mutation]
 45402 | Vaults:2 | Lost mutation: You are covered in fur. (AC +1) [potion of
                  | mutation]
 45402 | Vaults:2 | Lost mutation: You are weak. (Str -2) [potion of mutation]
 45402 | Vaults:2 | Lost mutation: You have sharp toenails. [potion of
                  | mutation]
 45402 | Vaults:2 | Gained mutation: You are frail. (-10% HP) [potion of
                  | mutation]
 45402 | Vaults:2 | Gained mutation: Your muscles are strong. (Str +2) [potion
                  | of mutation]
 45403 | Vaults:2 | Lost mutation: You are frail. (-10% HP) [potion of
                  | mutation]
 45403 | Vaults:2 | Lost mutation: Your muscles are strong. (Str +2) [potion of
                  | mutation]
 45403 | Vaults:2 | Gained mutation: You are weak. (Str -2) [potion of
                  | mutation]
 45403 | Vaults:2 | Gained mutation: You have an increased reservoir of magic.
                  | (+10% MP) [potion of mutation]
 45404 | Vaults:2 | Lost mutation: Your flesh is cold resistant. (rC+) [potion
                  | of mutation]
 45404 | Vaults:2 | Lost mutation: You are weak. (Str -2) [potion of mutation]
 45404 | Vaults:2 | Gained mutation: Your flesh is cold resistant. (rC+)
                  | [potion of mutation]
 45404 | Vaults:2 | Gained mutation: You have a somewhat thin skeletal
                  | structure. (Dex +2, Stealth) [potion of mutation]
 45404 | Vaults:2 | Gained mutation: Your skin changes colour to match your
                  | surroundings (Stealth+). [potion of mutation]
 45535 | Vaults:2 | Killed Mennas
 46646 | Vaults:3 | Reached XP level 21. HP: 205/205 MP: 3/20
 47921 | Vaults:4 | Noticed Xtahua
 47939 | Vaults:4 | Killed Xtahua
 48839 | Depths:1 | Entered Level 1 of the Depths
 49156 | Depths:1 | Reached skill level 17 in Fighting
 49298 | Depths:1 | Found a gateway to Hell.
 49337 | Depths:1 | Found a one-way gate to the infinite horrors of the Abyss.
 49747 | Depths:1 | Voluntarily entered the Abyss.
 50067 | Abyss:2  | Found a corrupted altar of Lugonu.
 50078 | Abyss:2  | Reached XP level 22. HP: 217/217 MP: 4/21
 50111 | Abyss:2  | Found a shimmering altar of Xom.
 50112 | Abyss:2  | Found a shimmering altar of Xom.
 50113 | Abyss:2  | Found a shimmering altar of Xom.
 50114 | Abyss:2  | Found a shimmering altar of Xom.
 50115 | Abyss:2  | Found a shimmering altar of Xom.
 50116 | Abyss:2  | Found a corrupted altar of Lugonu.
 50116 | Abyss:2  | Found a shimmering altar of Xom.
 50117 | Abyss:2  | Found a shimmering altar of Xom.
 50117 | Abyss:2  | Found a shimmering altar of Xom.
 50118 | Abyss:2  | Found a shimmering altar of Xom.
 50119 | Abyss:2  | Found a shimmering altar of Xom.
 50119 | Abyss:2  | Found a shimmering altar of Xom.
 50121 | Abyss:2  | Paralysed by accursed screaming for 1 turns
 50305 | Abyss:2  | Paralysed by accursed screaming for 1 turns
 50603 | Abyss:3  | Got an abyssal rune of Zot
 50795 | Abyss:5  | Entered Level 5 of the Abyss
 50795 | Abyss:5  | Found a corrupted altar of Lugonu.
 50845 | Abyss:5  | Reached skill level 15 in Evocations
 50901 | Depths:1 | Escaped the Abyss
 51169 | Depths:2 | Found a gateway to a ziggurat.
 51599 | Depths:2 | Found the +6 shillelagh "Devastator" {shatter}
 52104 | Depths:3 | Reached skill level 18 in Fighting
 52194 | Depths:3 | Found a glowing golden altar of the Shining One.
 52207 | Depths:3 | You fall into a shaft and drop 1 floor!
 52225 | Depths:4 | Noticed Mara
 52274 | Depths:4 | Noticed trivialoptimal's illusion
 52276 | Depths:4 | Reached XP level 23. HP: 228/228 MP: 4/22
 52289 | Depths:4 | Killed Mara
 52550 | Depths:3 | Found a runed translucent gate.
 52550 | Depths:3 | Found a runed translucent gate.
 52550 | Depths:3 | Found a runed translucent gate.
 52551 | Depths:3 | Found an opulent altar of Gozag.
 52551 | Depths:3 | Found Poguzut's Assorted Antiques.
 52551 | Depths:3 | Found Zoyreomp's Assorted Antiques.
 52552 | Depths:3 | Noticed Foloqoer's ghost (adept DsFi)
 52797 | Depths:3 | Found a one-way gate leading to the halls of Pandemonium.
 52963 | Depths:3 | Reached skill level 15 in Dodging
 53295 | Depths:4 | Noticed Jory
 53346 | Depths:4 | Killed Jory
 54105 | Depths:4 | Noticed a juggernaut
 54124 | Depths:4 | Killed a juggernaut
 54124 | Depths:4 | Reached skill level 19 in Fighting
 54315 | Depths:5 | Entered Level 5 of the Depths
 54490 | Depths:5 | Found a gate to the Realm of Zot.
 54727 | Depths:5 | Reached XP level 24. HP: 219/242 MP: 4/22
 55072 | Depths:5 | Reached skill level 20 in Fighting
 55154 | Depths:5 | Found a runed translucent door.
 55575 | Zot:1    | Entered Level 1 of the Realm of Zot
 55686 | Zot:1    | Identified the +4 dragonskin cloak
 55686 | Zot:1    | Noticed Tiamat
 56008 | Crypt:1  | Entered Level 1 of the Crypt
 56556 | Zot:1    | Killed Tiamat
 56721 | Zot:1    | Reached skill level 21 in Fighting
 57971 | Zot:2    | Reached skill level 22 in Fighting
 58081 | Zot:2    | Reached XP level 25. HP: 260/260 MP: 4/22
 58332 | Zot:2    | Got an ancient helmet
 58344 | Zot:2    | Identified the cursed +0 helmet of Narcissism {*Contam
                  | rElec Regen+} (You found it on level 2 of the Realm of Zot)
 58511 | Zot:2    | Reached skill level 23 in Fighting
 59217 | Zot:3    | Found a runed translucent gate.
 59217 | Zot:3    | Found a runed translucent gate.
 59231 | Zot:3    | Noticed a Killer Klown
 59250 | Zot:3    | Killed a Killer Klown
 59292 | Zot:3    | Found a runed translucent gate.
 59293 | Zot:3    | Noticed Shinahmin's ghost (legendary HOFi)
 59666 | Zot:4    | Reached skill level 24 in Fighting
 59945 | Zot:4    | Found a runed translucent door.
 59984 | Zot:4    | Noticed Wegu's ghost (master VSFi)
 60440 | Zot:4    | Killed Wegu's ghost
 60771 | D:13     | Identified the amulet of the Evening {Reflect Str+7 SH+3}
                  | (You found it in a treasure trove)
 60772 | D:13     | Identified the amulet of Saufuo Zefit {Regen+ Dex+2} (You
                  | found it in a treasure trove)
 60773 | D:13     | Identified the amulet of the Catfish {Harm *Drain rN+
                  | Stlth+} (You found it in a treasure trove)
 60774 | D:13     | Identified the amulet "Picuq" {Harm *Drain Str-2 Int+2
                  | Dex+2} (You found it in a treasure trove)
 61314 | Depths:3 | Reached XP level 26. HP: 264/279 MP: 4/22
 61870 | Zot:5    | Entered Level 5 of the Realm of Zot
 61874 | Zot:5    | Noticed an ancient lich
 61886 | Zot:4    | Killed an ancient lich
 61886 | Zot:4    | Reached skill level 25 in Fighting
 61990 | Zot:5    | Noticed an ancient lich
 61990 | Zot:5    | Noticed an ancient lich
 61991 | Zot:5    | Noticed an orb of fire
 61993 | Zot:5    | Gained mutation: Armour fits poorly on your strangely
                  | shaped body. [an orb of fire]
 61996 | Zot:4    | Gained mutation: You occasionally shout uncontrollably at
                  | your foes. [an orb of fire]
 62001 | Zot:4    | Gained mutation: Scrolls take you a little longer to read.
                  | [an orb of fire]
 62004 | Zot:4    | Killed an ancient lich
 62017 | Zot:4    | Gained mutation: You are agile. (Dex +2) [an orb of fire]
 62020 | Zot:4    | Lost mutation: You have an increased reservoir of magic.
                  | (+10% MP) [an orb of fire]
 62026 | Zot:4    | Killed an orb of fire
 62038 | Zot:4    | Lost mutation: You occasionally shout uncontrollably at
                  | your foes. [potion of mutation]
 62038 | Zot:4    | Lost mutation: Scrolls take you a little longer to read.
                  | [potion of mutation]
 62038 | Zot:4    | Lost mutation: Your skin changes colour to match your
                  | surroundings (Stealth+). [potion of mutation]
 62038 | Zot:4    | Gained mutation: Your spells are a little easier to cast,
                  | but a little less powerful. [potion of mutation]
 62038 | Zot:4    | Gained mutation: You are partially covered in slimy green
                  | scales. (AC +2) [potion of mutation]
 62038 | Zot:4    | Gained mutation: You have large cloven feet. [potion of
                  | mutation]
 62039 | Zot:4    | Lost mutation: You have a somewhat thin skeletal structure.
                  | (Dex +2, Stealth) [potion of mutation]
 62039 | Zot:4    | Lost mutation: You are agile. (Dex +2) [potion of mutation]
 62039 | Zot:4    | Lost mutation: Armour fits poorly on your strangely shaped
                  | body. [potion of mutation]
 62039 | Zot:4    | Gained mutation: You are clumsy. (Dex -2) [potion of
                  | mutation]
 62039 | Zot:4    | Gained mutation: You are somewhat resistant to further
                  | mutation. [potion of mutation]
 62061 | Zot:4    | Killed an ancient lich
 62225 | Zot:5    | Reached skill level 26 in Fighting
 62287 | Zot:5    | Noticed an orb of fire
 62308 | Zot:4    | Killed an orb of fire
 62484 | Zot:5    | Noticed an orb of fire
 62488 | Zot:5    | Gained mutation: Armour fits poorly on your strangely
                  | shaped body. [an orb of fire]
 62511 | Zot:5    | Killed an orb of fire
 62587 | Zot:5    | fuck
 62587 | Zot:5    | oh well that should be good enough
 62590 | Zot:4    | Lost mutation: You are clumsy. (Dex -2) [potion of
                  | mutation]
 62590 | Zot:4    | Lost mutation: Your flesh is cold resistant. (rC+) [potion
                  | of mutation]
 62590 | Zot:4    | Lost mutation: Your spells are a little easier to cast, but
                  | a little less powerful. [potion of mutation]
 62590 | Zot:4    | Lost mutation: You have large cloven feet. [potion of
                  | mutation]
 62590 | Zot:4    | Gained mutation: Potions are less effective at restoring
                  | your health. [potion of mutation]
 62591 | Zot:4    | Lost mutation: You are somewhat resistant to further
                  | mutation. [potion of mutation]
 62591 | Zot:4    | Lost mutation: Armour fits poorly on your strangely shaped
                  | body. [potion of mutation]
 62591 | Zot:4    | Gained mutation: Your spells are a little harder to cast,
                  | but a little more powerful. [potion of mutation]
 62671 | Zot:5    | Reached XP level 27. HP: 296/296 MP: 3/18
 62708 | Zot:5    | Noticed an orb of fire
 62732 | Zot:5    | Gained mutation: Your magical capacity is low. (-10% MP)
                  | [an orb of fire]
 62733 | Zot:5    | Killed an orb of fire
 62733 | Zot:5    | Reached skill level 27 in Fighting
 63360 | Zot:5    | Got the Orb of Zot
 63730 | D:12     | Noticed Gim Huc the pandemonium lord
 63956 | D:1      | gg
 63957 | D:$      | Escaped with the Orb!

Levels and vault maps discovered:
D:1:      psy_arrival_whirlpool, layout_basic, serial_bayou_pond_d,
          minmay_tetromino_t4
D:2:      layout_loops_cross, nemelex_xobeh_ov_fountains_minmay,
          nicolae_ru_the_path_less_chosen, first_ration, grunt_ministairs_1,
          serial_bayou_pond_b
D:3:      layout_loops_corners, lemuel_coloured_pillars_altar,
          minmay_misc_feat_roman
D:4:      layout_loops_ring, yredelemnul_forgotten_temple_becter,
          kennysheep_mini, nicolae_ossuary_entry_plus, uniq_pikel, uniq_natasha
D:5:      layout_gridville, nicolae_qazlal_style_of_elements,
          lemuel_blue_sif_altar, xom_teletrap_fun, basic_altar, uniq_duvessa
D:6:      layout_basic, old_standard_altar, makhleb_grotto_becter,
          hangedman_decor_peaks_small, guppyfry_shop_venom
D:7:      layout_basic, nicolae_overflow_hidden_temple, old_standard_altar,
          minmay_temple_entry_sparse_star, serial_shops, nicolae_shop_crystal
D:8:      layout_basic, lair_entry_dummy
D:9:      layout_cave_pools, elyvilon_altar_4, uniq_maurice
D:10:     layout_grid_maze, uniq_snorg, uniq_joseph
D:11:     layout_layer_cave, gammafunk_ghost_split
D:12:     layout_roguey, orc_0_dummy, ebering_ghost_xom, basic_altar
D:13:     layout_cave_pools, hangedman_vaults_entry_quadrant_bands, basic_altar,
          serial_ice, serial_ice_k, serial_ice_b, serial_ice_a, serial_ice_e,
          enter_trove_6, serial_shops, shop
D:14:     layout_rooms, portal_ice_cave_entry_ice_beasts
D:15:     grunt_enter_depths_snipers, layout_basic, hangedman_decor_slide_cut,
          special_room [special_room_bee], minmay_microvault, uniq_jorgrun,
          uniq_josephine
Lair:1:   layout_long_grid, enter_volcano_2
Lair:2:   layout_loops_ring, minmay_swamp_entry_worms
Lair:3:   layout_cave_pods, guppyfry_snake_entry_garden
Lair:4:   layout_roguey, st_stairs_7, minmay_lair_oklob_chamber,
          grunt_megastairs_4, lemuel_fruit_fields
Lair:5:   beast_lair_carwin_large_1, layout_big_grid, dpeg_slime_entry_corner
Lair:6:   minmay_lair_end_enchanted_forest, layout_layer_cave, basic_altar,
          lemuel_fruit_fields, grunt_megastairs_1
Swamp:1:  layout_basic_swamp, evilmike_swamp_ruin_rubble_1, swamp_pool1,
          uniq_donald
Swamp:2:  layout_falls_marsh, evilmike_swamp_ruin_house_1, swamp_pool1,
          uniq_kirke
Swamp:3:  gammafunk_the_bubble [the_bubble_gammafunk_roulette],
          layout_falls_marsh, infiniplex_staircase_pool
Swamp:4:  swamp_pestilence, layout_basic_swamp,
          gammafunk_ghost_wrathful_warriors, swamp_pool3, hangedman_swamp_dais,
          uniq_roxanne
Snake:1:  layout_rooms
Snake:2:  layout_rooms, grunt_ministairs_15, uniq_vashnia, uniq_louise
Snake:3:  layout_onion, basic_altar, gammafunk_ghost_wrathful_warriors,
          guppyfry_snake_island, minmay_shoptagon, serial_bayou_shore_a,
          lemuel_fruit_tree, uniq_aizul
Snake:4:  snake_pit, layout_layer_cave, basic_altar
Orc:1:    layout_caves, serial_shops, nicolae_shop_statue_plus,
          trog_hazing_becter, uniq_harold
Orc:2:    grunt_orc_community_town_hall, layout_diamond_mine,
          grunt_orc_community_big_house_1, grunt_orc_community_big_house_1,
          grunt_orc_community_house_2, grunt_orc_community_house_1,
          grunt_orc_community_house_3, grunt_orc_community_house_2,
          grunt_orc_community_house_2, gammafunk_ghost_cemetery, uniq_saint_roka
Elf:1:    minmay_elf_arrival_circle, layout_gridlike, serial_shops, shop,
          shop_fountains, shop, hangedman_elven_crosses_minicolossus,
          uniq_azrael
Elf:2:    layout_geoelf_octagon
Elf:3:    minmay_elf_hall_dome, layout_geoelf_diagonals, serial_shops,
          nicolae_shop_temple_entry_statues_fountains, minmay_shop_star
Vaults:1: nicolae_vaults_rhombus_6, nicolae_vaults_stairing_the_circle,
          v_rooms_1, nicolae_vaults_border_crossing, v_alt_pattern_3,
          vaults_room_grunt_arrival_checkpoint,
          dpeg_vaults_pockets_of_resistance, ontoclasm_vaults_spin,
          hangedman_vaults_nails, layout_vaults_ring
Vaults:2: v_misc_5, nicolae_vaults_three_branches, nicolae_vaults_rhombus_6,
          blue_anna_dwarven_crypt, nicolae_vaults_rhombus_5,
          grunt_vaults_hallway_long, layout_vaults_omnigrid, serial_shops, shop,
          uniq_mennas
Vaults:3: nicolae_vaults_little_squares_2, v_misc_17, vaults_room_boxed,
          nicolae_vaults_big_ls, nicolae_vaults_little_squares_1, v_misc_11,
          v_misc_15, v_misc_22, ontoclasm_vaults_tryst, layout_vaults_omnibox
Vaults:4: ontoclasm_vaults_ligature, grunt_vaults_bifocal, v_misc_9,
          nicolae_vaults_little_squares_1, vaults_dpeg_spiral,
          vaults_room_fours, vaults_room_ringed_pool, serial_ice_b,
          vaults_room_pools, vaults_mumra_hex, vaults_mumra_minichess,
          layout_vaults_big_room, uniq_xtahua
Crypt:1:  layout_misc_corridors, minmay_strange_pillars,
          grunt_crypt_arrival_guarded_gate
Depths:1: layout_gridville, chequers_serial_rivers_marsh, hell_entry,
          abyss_entry, hangedman_abyss_or_decor_slice,
          kennysheep_generic_room_13, roderic_lattice_octagonal_star,
          grunt_megastairs_2
Depths:2: minmay_containers, layout_cave_pools, enter_ziggurat_f, hellmouth_1,
          serial_bayou, serial_bayou_pond_d, serial_bayou_pond_c,
          serial_bayou_pond_e, serial_bayou_pond_c, firewood_loft
Depths:3: minmay_thick_lines, layout_cross, hell_entry, ebering_ghost_gozag,
          abyss_entry, rand_demon_pan_entry_4, hex_medium, tso_metal_star,
          infiniplex_staircase_zigzag_1
Depths:4: giant_chief_lemuel, layout_cave_pools, abyss_entry, hell_entry,
          serial_sigils_hangedman_carve, bh_walls_and_bars, uniq_jory, uniq_mara
Depths:5: grunt_zot_entry_bicorn, layout_gridlike, rand_demon_pan_entry_9,
          hell_entry, abyss_entry, chequers_big_river, lightli_giant_bouncers
Zot:1:    layout_twisted_circle, bh_zot_levy_curve,
          kennysheep_underground_church, uniq_tiamat
Zot:2:    layout_basic, zot_minivault_7
Zot:3:    layout_misc_corridors, gammafunk_ghost_tricky_traps
Zot:4:    layout_concentric_octagons, ebering_ghost_reflecting_pool
Zot:5:    layout_twisted_circle

Skill      XL: |  1  2  3  4  5  6  7  8  9 10 11 12 13 14 15 16 17 18 19 20 21 22 23 24 25 26 27 |
---------------+----------------------------------------------------------------------------------+-----
Conjurations   | 1 3 4 |  4.0
Fire Magic     | 3 4 |  4.1
Spellcasting   | 2 3 |  3.0
Fighting       | 1 2 3 4 5 6 7 9 10 11 12 13 14 15 16 17 18 19 22 24 26 27 | 27.0
Axes           | 1 3 6 8 10 11 13 14 15 16 17 | 17.6
Armour         | 1 3 4 5 6 8 9 11 12 13 14 15 16 17 18 19 20 22 | 22.0
Shields        | 2 4 5 7 9 10 12 13 14 15 16 | 16.1
Invocations    | 1 4 6 7 9 11 13 14 15 | 15.0
Evocations     | 4 5 9 11 14 15 17 | 17.5
Hexes          | 1 2 |  2.0
Maces & Flails | 3 6 |  6.1
Dodging        | 4 6 9 11 12 14 15 | 15.0
Stealth        | |  2.4

Action                   |  1- 3 |  4- 6 |  7- 9 | 10-12 | 13-15 | 16-18 | 19-21 | 22-24 | 25-27 || total
-------------------------+-------+-------+-------+-------+-------+-------+-------+-------+-------++-------
Melee: Hand axe          |    25 |     5 |   295 |   858 |  1119 |       |       |       |       ||  2302
       War axe           |       |       |       |   118 |  1333 |   337 |       |       |       ||  1788
       Demon whip        |       |       |       |       |   105 |   567 |       |       |       ||   672
       Broad axe         |       |       |       |       |       |  1226 |  1863 |  2155 |  1196 ||  6440
Throw: Stone             |     6 |    45 |     3 |    14 |       |       |       |       |       ||    68
 Cast: Flame Tongue      |    41 |   108 |   129 |       |       |       |       |       |       ||   278
       Throw Flame       |    33 |    50 |    46 |       |    21 |       |       |       |       ||   150
       Conjure Flame     |       |     5 |    22 |       |       |       |       |       |       ||    27
       Inner Flame       |       |     1 |     4 |       |       |       |       |       |       ||     5
       Confusing Touch   |       |       |       |     1 |     1 |       |       |       |       ||     2
Invok: Minor Destruction |       |       |       |    20 |     3 |       |       |       |       ||    23
       Lesser Servant of |       |       |       |     3 |    10 |       |       |       |       ||    13
       Greater Servant o |       |       |       |       |     3 |       |     1 |       |       ||     4
 Abil: Heal Wounds       |       |     1 |     6 |    20 |    13 |     3 |       |     2 |     4 ||    49
Evoke: Wand              |       |     1 |    14 |     8 |    20 |     3 |     2 |     4 |    27 ||    79
       Lamp of fire      |       |       |       |       |     1 |     1 |       |       |       ||     2
  Use: Scroll            |     4 |     4 |     6 |     8 |    13 |    16 |     5 |     7 |    11 ||    74
       Potion            |       |       |       |     6 |     3 |     9 |     9 |     3 |     9 ||    39
 Stab: Sleeping          |     2 |       |       |       |       |       |       |       |       ||     2
       Paralysed         |       |       |       |       |     4 |     2 |       |    17 |     1 ||    24
       Confused          |       |       |       |       |     1 |     4 |       |       |     1 ||     6
       Distracted        |       |       |       |       |     4 |       |     1 |       |     1 ||     6
       Petrifying        |       |       |       |       |       |       |       |     2 |       ||     2
       Petrified         |       |       |       |       |       |       |       |     7 |       ||     7
  Eat: Chunk             |     8 |    10 |    15 |    12 |    24 |    15 |    15 |    17 |    10 ||   126
       Ration            |       |     2 |     3 |     2 |     8 |     6 |     5 |     3 |     3 ||    32
Armor: Robe              |    19 |     3 |    12 |       |       |       |       |       |       ||    34
       Chain mail        |       |       |   108 |   286 |   319 |   922 |   508 |   582 |       ||  2725
       Plate armour      |       |       |       |       |   595 |       |       |       |       ||   595
       Ice dragon scales |       |       |       |       |    15 |       |       |       |       ||    15
       Skin              |       |       |       |       |     7 |       |       |       |       ||     7
       Gold dragon scale |       |       |       |       |       |       |       |   155 |   471 ||   626
Dodge: Dodged            |    30 |     6 |   108 |   175 |   445 |   623 |   693 |  1106 |   627 ||  3813
       Deflected         |       |       |     2 |     7 |       |       |       |       |       ||     9
Block: Buckler           |       |       |    55 |       |       |       |       |       |       ||    55
       Shield            |       |       |    18 |   357 |  1138 |  1265 |  1128 |  1481 |   854 ||  6241
       Large shield      |       |       |       |       |       |   285 |       |       |       ||   285
       Reflection        |       |       |       |       |       |    30 |       |       |       ||    30

Table legend:
 A = Non-vault XP
 B = Vault XP
 C = Vault XP percentage of total XP
 D = Non-vault monster count
 E = Vault monster count
 F = Vault count percentage of total count
                 A         B        C        D         E       F
            +---------+---------+-------+---------+---------+-------
      Total |  895841 |  656768 |  42.3 |    1661 |     801 |  32.5
            +---------+---------+-------+---------+---------+-------
        D:1 |      38 |       2 |   5.0 |      25 |       1 |   3.8
        D:2 |      64 |      23 |  26.4 |      18 |       4 |  18.2
        D:3 |     104 |       0 |   0.0 |      21 |       0 |   0.0
        D:4 |     382 |     665 |  63.5 |      23 |       3 |  11.5
        D:5 |     289 |     207 |  41.7 |      11 |       2 |  15.4
        D:6 |     767 |      76 |   9.0 |      25 |       3 |  10.7
        D:7 |    1626 |       0 |   0.0 |      39 |       0 |   0.0
        D:8 |    1176 |       0 |   0.0 |      27 |       0 |   0.0
        D:9 |    1427 |     449 |  23.9 |      29 |       1 |   3.3
       D:10 |    2584 |    1416 |  35.4 |      13 |       2 |  13.3
       D:11 |    4437 |       0 |   0.0 |      50 |       0 |   0.0
       D:12 |    5003 |       0 |   0.0 |      32 |       0 |   0.0
       D:13 |    4460 |    8096 |  64.5 |      33 |      31 |  48.4
       D:14 |   10577 |    1024 |   8.8 |      28 |       8 |  22.2
       D:15 |   14615 |    9110 |  38.4 |      34 |      27 |  44.3
     Lair:1 |    2037 |       0 |   0.0 |      11 |       0 |   0.0
     Lair:2 |   10116 |     455 |   4.3 |      32 |       2 |   5.9
     Lair:3 |    3424 |     151 |   4.2 |      17 |       1 |   5.6
     Lair:4 |    2763 |    3838 |  58.1 |      14 |       8 |  36.4
     Lair:5 |    4172 |    2835 |  40.5 |      18 |      10 |  35.7
     Lair:6 |    5804 |    8197 |  58.5 |      25 |      47 |  65.3
    Swamp:1 |    2109 |    1996 |  48.6 |      10 |       1 |   9.1
    Swamp:2 |    8826 |    2192 |  19.9 |      27 |       1 |   3.6
    Swamp:3 |   15562 |    4378 |  22.0 |      40 |       6 |  13.0
    Swamp:4 |    8601 |   24462 |  74.0 |      21 |      62 |  74.7
    Snake:1 |   12273 |       0 |   0.0 |      22 |       0 |   0.0
    Snake:2 |    9090 |   11925 |  56.7 |      17 |       9 |  34.6
    Snake:3 |   13730 |    3066 |  18.3 |      25 |       4 |  13.8
    Snake:4 |   30611 |   24883 |  44.8 |      60 |      39 |  39.4
      Orc:1 |    6263 |    4398 |  41.3 |      30 |       9 |  23.1
      Orc:2 |    4447 |    8185 |  64.8 |      43 |      69 |  61.6
      Elf:1 |   20931 |   15913 |  43.2 |      33 |      28 |  45.9
      Elf:2 |   10385 |    1826 |  15.0 |      19 |       2 |   9.5
      Elf:3 |   29133 |   37665 |  56.4 |      52 |      27 |  34.2
   Vaults:1 |   17291 |   53675 |  75.6 |      29 |      82 |  73.9
   Vaults:2 |   28922 |   15364 |  34.7 |      59 |      14 |  19.2
   Vaults:3 |   30811 |    9449 |  23.5 |      43 |      18 |  29.5
   Vaults:4 |   30682 |   31752 |  50.9 |      46 |      35 |  43.2
    Crypt:1 |    9198 |       0 |   0.0 |      23 |       0 |   0.0
   Depths:1 |   29598 |    3527 |  10.6 |      55 |       6 |   9.8
   Depths:2 |   29251 |    9930 |  25.3 |      47 |      11 |  19.0
   Depths:3 |   35504 |   15436 |  30.3 |      38 |      15 |  28.3
   Depths:4 |   36830 |   55824 |  60.2 |      40 |      41 |  50.6
   Depths:5 |   40225 |   39810 |  49.7 |      42 |      24 |  36.4
      Zot:1 |   44327 |   30302 |  40.6 |      22 |      17 |  43.6
      Zot:2 |   67368 |   35158 |  34.3 |      43 |      16 |  27.1
      Zot:3 |   41375 |       0 |   0.0 |      25 |       0 |   0.0
      Zot:4 |   83472 |   77511 |  48.1 |      45 |      16 |  26.2
      Zot:5 |   46460 |   79051 |  63.0 |      29 |      22 |  43.1
    Abyss:1 |    6604 |       0 |   0.0 |       7 |       0 |   0.0
    Abyss:2 |   23589 |     137 |   0.6 |      58 |       1 |   1.7
    Abyss:3 |   31694 |   10322 |  24.6 |      60 |      14 |  18.9
    Abyss:4 |    6690 |       0 |   0.0 |      14 |       0 |   0.0
    Abyss:5 |    8124 |      98 |   1.2 |      12 |       6 |  33.3
    Ossuary |       0 |     156 | 100.0 |       0 |      16 | 100.0
      IceCv |       0 |    4953 | 100.0 |       0 |      19 | 100.0
    Volcano |       0 |    6880 | 100.0 |       0 |      21 | 100.0
            +---------+---------+-------+---------+---------+-------
